Map: Proxima Station LE

Players

Juxtapose - Winner!

  • Race: Protoss Protoss
  • Spawn Location: 7:00

A.I. 1 (Elite)

  • Race: Protoss Protoss
  • Spawn Location: 1:00

VOD

https://youtu.be/Pb_8cHpLInM

Description

Confirmed, I've maxed the Elite AI out and there's no more progression I can do in Versus AI.

Also, has anyone else noticed that the Protoss AI doesn't seem to bother ever making a Mothership Core?

Time

  • Played on: July 12, 2017, 8:17 p.m.
  • Length: 13:10
Show
View Real Time Build Order
Export as new Build Order

Juxtapose Protoss - Winner!

Build Orders:  

Get SALT Encoding   

  12  0:01  Probe (Chrono Boost)  
  13  0:12  Probe (Chrono Boost)  
  14  0:23  Probe (Chrono Boost)  
  14  0:24  Pylon  
  15  0:42  Probe (Chrono Boost)  
  16  0:45  Gateway  
  16  0:56  Probe (Chrono Boost)  
  17  1:00  Pylon  
  17  1:06  Probe (Chrono Boost)  
  18  1:11  Assimilator  
  18  1:17  Probe (Chrono Boost)  
  19  1:20  Pylon  
  19  1:28  Probe (Chrono Boost)  
  20  1:38  Probe (Chrono Boost)  
  21  1:44  Cybernetics Core  
  21  1:50  Assimilator  
  21  1:58  Probe (Chrono Boost)  
  23  2:08  Probe (Chrono Boost)  
  23  2:10  Zealot  
  25  2:19  Probe (Chrono Boost)  
  25  2:20  Pylon  
  25  2:22  Warp Gate (Chrono Boost)  
  26  2:36  Gateway x2  
  26  2:38  Gateway  
  26  2:40  Pylon  
  26  2:42  Mothership Core  
  28  3:06  Nexus  
  28  3:21  Zealot  
  30  3:30  Twilight Council  
  30  3:33  Forge  
  30  3:45  Pylon  
  30  3:47  Pylon  
  30  3:50  Zealot  
  32  3:56  Sentry  
  34  4:07  Charge (Chrono Boost)  
  34  4:21  Pylon  
  34  4:27  Probe  
  35  4:37  Probe, Stalker  
  36  4:38  Stalker  
  39  4:48  Probe  
  39  4:51  Protoss Ground Weapons Level 1 (Chrono Boost)  
  40  4:57  Robotics Facility  
  40  4:58  Probe  
  40  5:01  Gateway  
  41  5:11  Sentry x2  
  41  5:12  Stalker  
  47  5:15  Probe x2  
  49  5:30  Blink  
  49  5:38  Probe x2  
  51  5:50  Probe x2  
  51  5:53  Observer  
  54  6:03  Probe x2  
  56  6:08  Assimilator  
  56  6:10  Assimilator  
  56  6:15  Zealot x3, Probe x2  
  56  6:16  Zealot  
  66  6:33  Protoss Ground Armor Level 1 (Chrono Boost)  
  66  6:41  Immortal  
  70  6:53  Probe x2  
  72  7:01  Stalker  
  72  7:02  Stalker x2  
  72  7:03  Stalker  
  72  7:05  Probe x2  
  82  7:21  Immortal (Chrono Boost)  
  86  7:31  Nexus  
  86  7:35  Pylon  
  86  7:38  Pylon  
  86  7:50  Stalker x2  
  90  7:51  Zealot  
  90  7:55  Probe  
  97  7:59  Immortal (Chrono Boost)  
  97  8:07  Probe  
  98  8:19  Probe  
  99  8:32  Warp Prism (Chrono Boost)  
  99  8:34  Protoss Ground Weapons Level 2  
  101  8:37  Zealot x2  
  101  8:38  Zealot x2  
  109  8:44  Pylon  
  109  8:49  Pylon  
  109  9:02  Assimilator  
  109  9:06  Assimilator  
  109  9:14  Dark Shrine  
  109  9:31  Zealot x3  
  111  9:32  Zealot  
  111  9:38  Probe  
  118  9:49  Probe  
  101  9:52  Zealot  
  101  9:53  Zealot  
  101  9:54  Zealot x2  
  101  9:59  Probe  
  93  10:05  Mothership Core  
  82  10:13  Zealot x2  
  84  10:14  Zealot x2  
  88  10:24  Probe  
  89  10:35  Probe x3  
  92  10:46  Probe  
  92  10:47  Probe  
  92  10:52  Dark Templar x2  
  92  10:53  Zealot x2  
  96  11:17  Sentry x2  
  100  11:31  Gateway  
  100  11:37  Sentry, Zealot  
  102  12:02  Zealot  
  102  12:03  Zealot x2  
  102  12:04  Zealot  
  102  12:38  Dark Templar x4  
Show
View Real Time Build Order
Export as new Build Order

A.I. 1 (Elite) Protoss 

Build Orders: Zealot Archon 

Get SALT Encoding   

  12  0:01  Probe (Chrono Boost)  
  13  0:11  Probe (Chrono Boost)  
  14  0:19  Pylon  
  14  0:22  Probe (Chrono Boost)  
  15  0:37  Probe (Chrono Boost)  
  15  0:39  Gateway  
  16  0:48  Probe (Chrono Boost), Assimilator  
  17  0:58  Probe (Chrono Boost)  
  17  1:02  Pylon  
  18  1:09  Probe (Chrono Boost)  
  19  1:20  Probe (Chrono Boost)  
  19  1:25  Zealot  
  20  1:29  Cybernetics Core  
  20  1:31  Probe (Chrono Boost)  
  23  1:43  Probe (Chrono Boost), Gateway  
  24  1:50  Pylon  
  25  1:54  Probe (Chrono Boost)  
  25  1:57  Zealot  
  27  2:01  Warp Gate  
  27  2:04  Assimilator  
  27  2:12  Probe (Chrono Boost)  
  28  2:22  Adept  
  29  2:24  Probe (Chrono Boost)  
  29  2:29  Adept  
  33  2:42  Robotics Facility  
  34  2:46  Probe (Chrono Boost)  
  34  2:49  Adept  
  36  2:55  Adept  
  38  3:05  Pylon  
  38  3:07  Probe (Chrono Boost)  
  39  3:22  Sentry, Adept  
  43  3:28  Immortal  
  47  3:37  Pylon  
  47  3:53  Stalker  
  47  3:54  Stalker  
  47  4:00  Pylon  
  51  4:08  Immortal  
  55  4:22  Pylon  
  55  4:27  Gateway  
  55  4:38  Gateway  
  55  4:41  Adept  
  57  4:47  Adept  
  59  5:00  Adept  
  59  5:06  Adept  
  63  5:19  Adept  
  65  5:22  Stalker  
  65  5:25  Stalker  
  69  5:33  Zealot  
  71  5:40  Pylon  
  71  5:48  Twilight Council  
  71  6:03  Pylon  
  71  6:29  Templar Archives  
  71  6:30  Nexus  
  71  6:39  Stalker  
  73  6:48  Stalker  
  73  6:54  Pylon  
  75  6:58  Stalker  
  77  7:07  High Templar x2  
  81  7:10  Stalker  
  81  7:14  Archon  
  83  7:17  Pylon  
  83  7:36  High Templar  
  85  7:42  Forge  
  85  7:43  Probe x2 (Chrono Boost)  
  87  7:51  Assimilator  
  87  7:54  Probe (Chrono Boost)  
  87  7:55  Probe (Chrono Boost)  
  89  8:04  High Templar  
  89  8:05  Probe (Chrono Boost)  
  92  8:07  Probe (Chrono Boost), Assimilator  
  92  8:09  Archon  
  93  8:16  Probe (Chrono Boost)  
  93  8:18  Probe (Chrono Boost)  
  96  8:27  High Templar, Probe (Chrono Boost)  
  96  8:29  Probe (Chrono Boost)  
  99  8:38  Probe (Chrono Boost)  
  99  8:39  Forge  
  99  8:40  Probe (Chrono Boost)  
  101  8:43  High Templar, Nexus  
  103  8:49  Observer  
  103  8:50  Probe (Chrono Boost)  
  103  8:51  Archon, Probe (Chrono Boost)  
  106  8:57  Pylon  
  106  9:01  Probe (Chrono Boost)  
  108  9:03  High Templar, Probe (Chrono Boost)  
  110  9:18  High Templar, Pylon  
  110  9:22  Archon  
  112  9:31  High Templar  
  114  9:42  Pylon  
  114  9:45  Zealot x2  
  118  9:46  Zealot  
  110  9:57  Probe x3 (Chrono Boost)  
  89  10:00  High Templar  
  89  10:04  Sentry, Zealot, Archon  
  89  10:05  Zealot  
  83  10:08  Probe (Chrono Boost), Assimilator  
  83  10:10  Probe (Chrono Boost)  
  83  10:13  Assimilator  
  69  10:17  Probe (Chrono Boost)  
  69  10:19  Probe (Chrono Boost)  
  71  10:21  Probe (Chrono Boost)  
  71  10:23  Stalker  
  71  10:24  Zealot  
  71  10:26  Zealot  
  78  10:29  Probe (Chrono Boost)  
  78  10:30  Adept  
  78  10:31  Probe (Chrono Boost)  
  78  10:35  Probe (Chrono Boost)  
  82  10:40  Probe (Chrono Boost)  
  82  10:41  Observer  
  85  10:43  High Templar, Probe (Chrono Boost)  
  85  10:44  High Templar  
  85  10:45  Zealot  
  85  10:46  Probe (Chrono Boost)  
  85  10:49  Sentry  
  86  10:50  Probe (Chrono Boost)  
  86  10:54  Probe (Chrono Boost)  
  75  10:58  Probe (Chrono Boost)  
  75  11:01  Archon  
  75  11:02  Probe (Chrono Boost)  
  73  11:04  Sentry  
  73  11:06  Probe (Chrono Boost)  
  73  11:10  Probe (Chrono Boost)  
  73  11:11  Adept  
  73  11:14  High Templar  
  73  11:15  Zealot  
  73  11:18  Probe (Chrono Boost)  
  68  11:21  Probe (Chrono Boost)  
  69  11:25  Zealot  
  69  11:29  Stalker  
  73  11:35  High Templar, Observer  
  74  11:41  Probe (Chrono Boost)  
  74  11:43  Probe (Chrono Boost)  
  74  11:44  Zealot  
  74  11:45  Stalker  
  80  11:52  Probe (Chrono Boost), Stalker  
  84  11:54  Probe (Chrono Boost)  
  74  12:04  High Templar, Probe (Chrono Boost)  
  74  12:05  Probe (Chrono Boost)  
  74  12:06  Stalker  
  74  12:07  Adept  
  70  12:14  High Templar  
  56  12:16  Probe (Chrono Boost)  
  56  12:26  Zealot  
  56  12:28  High Templar  
  59  12:33  Probe x2 (Chrono Boost)  
  59  12:35  Zealot  
  51  12:44  Probe (Chrono Boost), Adept  
  37  12:54  Zealot  
Tags
 
Composition
Zealot Archon
Matchup
PvP
Spawn Locations
Cross Positions
Add a new tag
Caveats
  • Supply blocks, unpowered buildings, or Contaminate may cause inaccurate times.
  • Supply counts are checked every 10 seconds.